 Dungeon Crawl Stone Soup version 0.24.0-37-gcf1ca852f1 (webtiles) character file.

Game seed: 13769776345222222464, levelgen mode: deterministic

70 Amplified the Magician (level 4, 0/39 HPs)
             Began as a Naga Wizard on Dec 2, 2019.
             Slain by a jackal (2 damage)
             ... on level 3 of the Dungeon.
             The game lasted 00:04:23 (1334 turns).

Amplified the Magician (Naga Wizard)                Turns: 1334, Time: 00:04:24

Health: 0/39       AC:  2    Str: 16    XL:     4   Next: 21%
Magic:  9/9        EV:  9    Int: 18    God:
Gold:   74         SH:  3    Dex:  9    Spells: 8/9 levels left

rFire    . . .     SeeInvis +   f - +0 whip
rCold    . . .     Gourm    .   c - +0 buckler (curse)
rNeg     . . .     Faith    .   a - +0 robe
rPois    +         Spirit   .   b - +0 hat
rElec    .         Reflect  .   (no cloak)
rCorr    .         Harm     .   (no gloves)
MR       .....                  (no barding)
Stlth    ++........             (no amulet)
HPRegen  0.13/turn              (no ring)
MPRegen  0.11/turn              (no ring)

@: mighty, short of breath, very slow
A: large, see invisible, deformed body, poison resistance, slowness 2, slow
metabolism 1, spit poison 1, AC +1
a: Spit Poison


You were on level 3 of the Dungeon.
You were hungry.

You visited 1 branch of the dungeon, and saw 3 of its levels.

You collected 74 gold pieces.

Inventory:

Hand Weapons
 f - a +0 whip (weapon)
 i - a cursed +0 mace
 l - a +0 spear
Armour
 a - a +0 robe (worn)
 b - a +0 hat (worn)
 c - a cursed +0 buckler (worn)
 e - a +0 ring mail
 g - a +0 shield
Comestibles
 d - 4 rations
 h - 4 chunks of flesh


   Skills:
 * Level 2.0 Fighting
 - Level 1.5 Dodging
 - Level 3.0 Stealth
 * Level 1.6 Shields
 * Level 3.4 Spellcasting
 - Level 1.0 Conjurations
   Level 1.0 Summonings
   Level 1.0 Translocations


You had 8 spell levels left.
You knew the following spells:

 Your Spells              Type           Power        Failure   Level  Hunger
a - Magic Dart            Conj           #...         12%         1    None

Your spell library contained the following spells:

 Spells                   Type           Power        Failure   Level  Hunger
 Blink                    Tloc           N/A          19%         2    ##.....
 Call Imp                 Summ           #.......     19%         2    ##.....
 Slow                     Hex            #.......     26%         2    ##.....
 Conjure Flame            Conj/Fire      #.......     41%         3    ###....
 Mephitic Cloud           Conj/Pois/Air  #.......     43%         3    ###....


Dungeon Overview and Level Annotations

Branches:
Dungeon (3/15)

Altars:


Innate Abilities, Weirdness & Mutations

You cannot wear boots.
Your serpentine skin is tough. (AC +1)
You have supernaturally acute eyesight. (SInv)
Armour fits poorly on your strangely shaped body.
Your system is resistant to poisons. (rPois)
You cover ground very slowly.
You have a slow metabolism.
You can spit poison.


Message History

You barely miss the jackal.
The jackal bites you but does no damage.
Press: ? - help, Shift-Dir - straight line, f - jackal, p - orc
Aim: a jackal The splash of poison misses the jackal.
The splash of poison misses the orc.
The splash of poison hits the jackal but does no damage.
The jackal is poisoned.
You feel slightly more hungry. The jackal bites you.
* * * LOW HITPOINT WARNING * * *
The jackal bites you but does no damage.
Unknown command.
Unknown command.
Unknown command.
Unknown command.
You whack the jackal!
You kill the jackal!
The jackal bites you.
* * * LOW HITPOINT WARNING * * *
You barely miss the jackal. The jackal completely misses you.
The jackal bites you.
You die...

.#####.!....#
#####............#
#.......[........#
#................#
#..hh.........#
#..h........K.#
######.....hol#
##.####h## # # #@#
#......†#
#.........
#...........
#.............
###..#...####.
##.#.#.. #...#.(.


You could see an orc, 2 jackals, a kobold and a frilled lizard.

Vanquished Creatures
  Terence (D:2)
  An adder (D:3)
  2 dart slugs (D:2)
  2 orcs (D:3)
  A giant cockroach (D:1)
  A goblin (D:2)
  2 hobgoblins
  9 jackals
  A kobold (D:2)
  A ball python (D:2)
  2 frilled lizards (D:2)
  6 rats
29 creatures vanquished.

Notes
Turn   | Place    | Note
-------+----------+-------------------------------------------
     0 | D:1      | Amplified the Naga Wizard began the quest for the Orb.
     0 | D:1      | Reached XP level 1. HP: 15/15 MP: 4/4
   469 | D:1      | Reached XP level 2. HP: 4/24 MP: 0/6
   470 | D:1      | Reached skill level 1 in Fighting
  1068 | D:2      | Reached skill level 1 in Shields
  1222 | D:2      | Noticed Terence
  1229 | D:2      | Killed Terence
  1229 | D:2      | Reached XP level 3. HP: 31/32 MP: 7/7
  1314 | D:3      | Reached XP level 4. HP: 13/39 MP: 9/9
  1334 | D:3      | Slain by a jackal

Levels and vault maps discovered:
D:1:      lightli_arrival_statuegarden, layout_rooms
D:2:      layout_basic, grunt_temple_overflow_gold_and_silver, uniq_terence,
          uniq_sigmund
D:3:      layout_basic, minmay_quantized

Skill      XL: |  1  2  3 |
---------------+----------+-----
Fighting       | 1 2 |  2.0
Shields        | 1 |  1.6
Dodging        | |  1.5
Stealth        | |  3.0
Spellcasting   | |  3.4
Conjurations   | |  1.0
Summonings     | |  1.0
Translocations | |  1.0

Action                   |  1- 3 |  4- 6 || total
-------------------------+-------+-------++-------
Melee: Unarmed           |     8 |       ||     8
       Whip              |    46 |    19 ||    65
 Cast: Magic Dart        |    32 |       ||    32
 Abil: Spit Poison       |     2 |     1 ||     3
  Use: Scroll            |     2 |       ||     2
       Potion            |     2 |       ||     2
Armor: Robe              |    24 |     5 ||    29
Dodge: Dodged            |    60 |    12 ||    72
Block: Buckler           |    20 |     3 ||    23
